 Dungeon Crawl Stone Soup version 0.31-a0-925-g0a390f2509 (webtiles) character file.

Game seed: 2480238517289092530

14 caprisunthief1748 the Shooter (level 2, -1/22 HPs)
             Began as a Formicid Hunter on Oct 18, 2023.
             Slain by a hobgoblin (4 damage)
             ... on level 1 of the Dungeon.
             The game lasted 00:02:00 (190 turns).

caprisunthief1748 the Shooter (Formicid Hunter)      Turns: 190, Time: 00:02:01

Health: -1/22      AC:  3    Str: 15    XL:     2   Next: 60%
Magic:  2/2        EV: 12    Int:  8    God:
Gold:   9          SH:  0    Dex: 17    Spells: 1/1 levels left

rFire   . . .        a - +0 shortbow
rCold   . . .        (no shield)
rNeg    . . .        c - +0 leather armour
rPois   .            (helmet unavailable)
rElec   .            (no cloak)
rCorr   .            (no gloves)
SInv    +            (no boots)
Will    .....        (no amulet)
Stlth   ++           (no ring)
HPRegen 0.23/turn    (no ring)
MPRegen 0.08/turn

%: no passive effects
@: no status effects
A: permanent stasis, dig shafts and tunnels, antennae 3, four strong arms
a: Dig, Shaft Self


You were on level 1 of the Dungeon.
You visited 1 branch of the dungeon, and saw 1 of its levels.

You collected 9 gold pieces.

Inventory:

Hand Weapons
 a - a +0 shortbow (weapon)
Armour
 c - a +0 leather armour (worn)
Scrolls
 b - a scroll of butterflies
 d - a scroll of identify {unknown}


   Skills:
 + Level 2.2 Fighting
 + Level 4.4 Ranged Weapons
 + Level 0.3 Armour
 + Level 2.0 Dodging
 + Level 1.2 Stealth


You had one spell level left.
You didn't know any spells.
Your spell library was empty.

Dungeon Overview and Level Annotations

Branches:
Dungeon (1/15)

Altars:


Innate Abilities, Weirdness & Mutations

You cannot be hasted, slowed, berserked, paralysed or teleported.
You can dig through walls and to a lower floor.
You have a pair of large antennae on your head. (SInv)
Your four strong arms can wield two-handed weapons with a shield.


Message History

The kobold hits you but does no damage.
A bat comes into view.
You shoot an arrow. The arrow hits the kobold.
The kobold is moderately wounded.
The hobgoblin barely misses you. The kobold hits you but does no damage.
The hobgoblin barely misses you.
You shoot an arrow. The arrow closely misses the kobold.
The kobold hits you but does no damage. The hobgoblin completely misses you.
The bat hits you but does no damage.
You shoot an arrow. The arrow closely misses the kobold.
The kobold shouts!
The bat completely misses you. The kobold hits you with a +0 dagger.
* * * LOW HITPOINT WARNING * * *
The hobgoblin misses you. The frilled lizard closely misses you.
You shoot an arrow. The arrow hits the kobold.
The kobold is severely wounded.
The bat hits you but does no damage. The kobold hits you but does no damage.
The hobgoblin barely misses you. The frilled lizard barely misses you.
The kobold closely misses you.
You shoot an arrow. The arrow closely misses the kobold.
The bat barely misses you. The hobgoblin hits you.
* * * LOW HITPOINT WARNING * * *
The frilled lizard bites you but does no damage.
The bat barely misses you. The kobold hits you but does no damage.
The hobgoblin hits you but does no damage.
The frilled lizard bites you.
* * * LOW HITPOINT WARNING * * *
You shoot an arrow.
The arrow hits the kobold but does no damage.
The kobold is severely wounded.
The bat barely misses you. The kobold hits you with a +0 dagger.
* * * LOW HITPOINT WARNING * * *
The hobgoblin closely misses you. The frilled lizard barely misses you.
You shoot an arrow. The arrow hits the kobold!
You kill the kobold!
The bat hits you but does no damage.
The frilled lizard bites you but does no damage.
The hobgoblin closely misses you. The bat completely misses you.
The hobgoblin hits you.
You die...

,,,*** *........#
,,,,,###........#
,**,,...........#
****,,#.........########**
* **,##................,*
*,.......~..~~......,*
##.,*#.....~?.......,*
#..**##....Kg?......,*
#.####.....l@.......,*
#......#####b.>.....,*
#####..##### #........,*
..........## **#........,*
......###..##*,...!.#.##**
.#..#####.....,.###...#*
..#†.##...#.##,#* *#...*
........#.....,* *###*
.#....#...#,*#**


You could see a hobgoblin, a bat, a kobold and a frilled lizard.

Vanquished Creatures
  2 endoplasms (D:1)
  2 goblins (D:1)
  A quokka (D:1)
  A ball python (D:1)
  5 bats (D:1)
  A kobold (D:1)
  2 rats (D:1)
14 creatures vanquished.

Notes
Turn   | Place    | Note
-------+----------+-------------------------------------------
     0 | D:1      | caprisunthief1748 the Formicid Hunter began the quest for
                  | the Orb.
     0 | D:1      | Reached XP level 1. HP: 16/16 MP: 1/1
   119 | D:1      | Reached XP level 2. HP: 11/22 MP: 2/2
   190 | D:1      | Slain by a hobgoblin

Illustrated notes

Levels and vault maps discovered:
D:1:      tarquinn_simple_flora_water_d, layout_rooms,
          chequers_serial_rivers_micro_c, feat_on_display

Skill      XL: |  1  2 |
---------------+-------+-----
Dodging        | 2 |  2.0
Fighting       | |  2.2
Ranged Weapons | |  4.4
Armour         | |  0.3
Stealth        | |  1.2

Action                     || total
---------------------------++-------
   Fire: Shortbow          ||    46
Ability: Dig               ||     7
    Use: Scroll            ||     2
 Armour: Leather armour    ||    94
  Dodge: Dodged            ||   104

Table legend: (Time is in decaauts)
 A = Elapsed time spent in this place.
 B = Non-inter-level travel time spent in this place.
 C = Inter-level travel time spent in this place.
 D = Time resting spent in this place.
 E = Time spent auto-exploring this place.
 F = Levels seen in this place.
 G = Mean time per level.
                   A        B        C        D        E       F      G
               +--------+--------+--------+--------+--------+-----+--------+
         Total |    201 |    201 |      0 |      0 |      7 |   1 |  201.0 |
       Dungeon |    201 |    201 |      0 |      0 |      7 |   1 |  201.0 |
               +--------+--------+--------+--------+--------+-----+--------+

Top non-repeatable levels by time:
     D:1: 201 daAuts
